 Dungeon Crawl Stone Soup version 0.23.2-33-g5129a83184 (webtiles) character file.

Game seed: 15889163888300310093

311 Descartes the Shield-Bearer (level 6, 0/48 HPs)
             Began as a Formicid Fighter on Aug 6, 2019.
             Slain by a two-headed ogre
             ... wielding a +0 dire flail
              (8 damage)
             ... on level 3 of the Dungeon.
             The game lasted 00:07:12 (3253 turns).

Descartes the Shield-Bearer (Formicid Fighter)      Turns: 3253, Time: 00:07:12

Health: 0/48       AC: 12    Str: 20    XL:     6   Next: 70%
Magic:  6/6        EV:  7    Int: 10    God:
Gold:   101        SH: 10    Dex: 10    Spells: 5/5 levels left

rFire    . . .     SeeInvis +   a - +0 war axe
rCold    . . .     Gourm    .   c - +0 shield
rNeg     . . .     Faith    .   y - +0 chain mail "Vuyth" {Slay+5} (curse)
rPois    .         Spirit   .   (helmet unavailable)
rElec    .         Reflect  .   (no cloak)
rCorr    .         Harm     .   (no gloves)
MR       .....                  h - +0 pair of boots
Stlth    ..........             (no amulet)
HPRegen  0.16/turn              r - +2 ring of protection
MPRegen  0.10/turn              (no ring)

@: no status effects
A: permanent stasis, dig shafts and tunnels, four strong arms, antennae 3
a: Dig, Shaft Self


You were on level 3 of the Dungeon.
You were hungry.

You visited 1 branch of the dungeon, and saw 4 of its levels.

You collected 236 gold pieces.
You spent 135 gold pieces at shops.

Inventory:

Hand Weapons
 a - a +0 war axe (weapon)
Missiles
 g - 145 stones (quivered)
 m - 27 arrows
Armour
 c - a +0 shield (worn)
 h - a +0 pair of boots (worn)
 y - the cursed +0 chain mail "Vuyth" (worn) {Slay+5}
   (You found it on level 4 of the Dungeon)

   It affects your accuracy and damage with ranged weapons and melee attacks
   (+5).
   It has a curse placed upon it.
Jewellery
 r - a +2 ring of protection (left hand)
 w - the ring of Ciss {rN+ Int+5 Slay-5}
   (You bought it in a shop on level 4 of the Dungeon)

   [ring of positive energy]

   It affects your intelligence (+5).
   It affects your accuracy and damage with ranged weapons and melee attacks
   (-5).
   It protects you from negative energy.
Wands
 e - a wand of enslavement (7)
 x - a wand of flame (20)
Scrolls
 b - 2 scrolls of remove curse
 j - a scroll of blinking {unknown}
 k - a scroll of enchant armour {unknown}
 l - 2 scrolls of magic mapping {unknown}
 o - 2 scrolls of fog
 v - a scroll of noise {unknown}
Potions
 d - 2 potions of might
 i - a potion of agility
 n - 3 potions of curing
 p - a potion of cancellation
 q - a potion of resistance {unknown}
 t - 2 potions of heal wounds {unknown}
Comestibles
 f - 16 rations


   Skills:
 + Level 4.2 Fighting
 + Level 3.1 Axes
 + Level 4.3 Armour
 + Level 1.9 Dodging
 * Level 5.8 Shields


You had 5 spell levels left.
You didn't know any spells.
Your spell library was empty.

Dungeon Overview and Level Annotations

Branches:
Dungeon (4/15)
 Temple: D:4-7

Altars:
Ashenzari
Fedhas
Trog
Wu Jian

Shops:
D:4 *


Innate Abilities, Weirdness & Mutations

You cannot be hasted, slowed, berserked, paralysed or teleported.
You can dig through walls and to a lower floor.
Your four strong arms can wield two-handed weapons with a shield.
You have a pair of large antennae on your head. (SInv)


Message History

You climb downwards.
You block the two-headed ogre's attack. x2
There is a stone staircase leading up here.
You hit the two-headed ogre.
The two-headed ogre is lightly wounded.
You block the two-headed ogre's attack.
The two-headed ogre hits you with a +0 giant club.
The two-headed ogre hits you with a +0 dire flail!!
You block the two-headed ogre's attack.
You closely miss the two-headed ogre.
The two-headed ogre is lightly wounded.
You block the two-headed ogre's attack. The two-headed ogre barely misses you.
You slash the two-headed ogre!
The two-headed ogre is moderately wounded.
The two-headed ogre hits you with a +0 dire flail!!
* * * LOW HITPOINT WARNING * * *
The two-headed ogre hits you but does no damage.
You slash the two-headed ogre!
The two-headed ogre is heavily wounded.
The two-headed ogre hits you with a +0 dire flail!
You die...

#.# ##.#.# #.# #.#.#
#.# #.#.# #.# #.#.#
#.# #######O#.# #.#
#.......#.## #.#
#.######...## #.# #.#
#[....# #.# #.#
#@O...# #.# #.#
#.....# #.# #.#
##...## #.# #.# ###.#
######.###.# ##.##
.#...^.....## ###...#
.....#8#....## #.....#
......#......###.#...#
..............##.#####


You could see a two-headed ogre.

Vanquished Creatures
  2 orc priests
  3 orc wizards
  A worker ant (D:4)
  5 adders
  An adder skeleton (D:4)
  A worm (D:3)
  5 dart slugs
  4 leopard geckos
  12 orcs
  A ball python (D:2)
  8 bats
  5 giant cockroaches
  7 goblins
  A hobgoblin (D:2)
  9 jackals
  4 kobolds
  2 quokkas
  4 frilled lizards
  4 rats
79 creatures vanquished.

Notes
Turn   | Place    | Note
-------+----------+-------------------------------------------
     0 | D:1      | Descartes the Formicid Fighter began the quest for the Orb.
     0 | D:1      | Reached XP level 1. HP: 18/18 MP: 1/1
   337 | D:1      | Reached XP level 2. HP: 23/24 MP: 2/2
   781 | D:2      | Reached skill level 4 in Shields
   798 | D:2      | Reached XP level 3. HP: 25/29 MP: 3/3
  1060 | D:2      | Reached XP level 4. HP: 29/36 MP: 4/4
  1174 | D:2      | Reached skill level 1 in Dodging
  1692 | D:3      | Found a shattered altar of Ashenzari.
  1790 | D:3      | Reached XP level 5. HP: 38/42 MP: 5/5
  1828 | D:3      | Reached skill level 5 in Shields
  1974 | D:3      | Found an ornate altar of the Wu Jian Council.
  2052 | D:3      | Reached XP level 6. HP: 43/48 MP: 6/6
  2697 | D:4      | Found Cimyez's Assorted Antiques.
  2711 | D:4      | Bought a glittering marble ring for 135 gold pieces
  2711 | D:4      | Identified the ring of Ciss {rN+ Int+5 Slay-5} (You bought
                  | it in a shop on level 4 of the Dungeon)
  2849 | D:4      | Got a shimmering chain mail
  2860 | D:4      | Identified the cursed +0 chain mail "Vuyth" {Slay+5} (You
                  | found it on level 4 of the Dungeon)
  2913 | D:4      | Found a bloodstained altar of Trog.
  2933 | D:4      | Found a blossoming altar of Fedhas.
  2995 | D:4      | Noticed a two-headed ogre
  3253 | D:3      | Slain by a two-headed ogre

Skill      XL: |  1  2  3  4  5  6 |
---------------+-------------------+-----
Shields        | 4 5 |  5.8
Dodging        | 1 |  1.9
Fighting       | 4 |  4.2
Armour         | 4 |  4.3
Axes           | 3 |  3.1

Action                   |  1- 3 |  4- 6 || total
-------------------------+-------+-------++-------
Melee: War axe           |    77 |   175 ||   252
  Use: Scroll            |       |     7 ||     7
  Eat: Chunk             |       |     7 ||     7
Armor: Scale mail        |    54 |    75 ||   129
       Chain mail        |       |     6 ||     6
Dodge: Dodged            |    36 |    59 ||    95
Block: Shield            |    53 |   115 ||   168
